 Dungeon Crawl Stone Soup version 0.19-a0-376-gf780d9b (webtiles) character file.

102 mistymad the Vexing (level 4, -6/32 HPs)
             Began as a Vampire Enchanter on May 30, 2016.
             Mangled by tstbtto's ghost (14 damage)
             ... on level 3 of the Dungeon.
             The game lasted 00:07:58 (1544 turns).

mistymad the Vexing (Vampire Enchanter)             Turns: 1544, Time: 00:07:58

Health: -6/32      AC:  5    Str:  7    XL:     4   Next: 49%
Magic:  2/7        EV: 13    Int: 17    God:
Gold:   124        SH:  0    Dex: 15    Spells: 3 memorised, 2 levels left

rFire  . . .     SeeInvis +     a - +1 dagger
rCold  + . .     Gourm    .     b - +1 robe
rNeg   + + .     Faith    .     (no shield)
rPois  +         Spirit   .     (no helmet)
rElec  .         Dismiss  .     h - +1 cloak
rCorr  .         Reflect  .     (no gloves)
SustAt .         Harm     .     (no boots)
MR     .....                    (no amulet)
Stlth  +++.......               (no ring)
                                (no ring)

@: regenerating slowly, not resistant to hostile enchantments, fairly stealthy
A: fangs 3, see invisible, unbreathing
a: Bat Form


You were on level 3 of the Dungeon.
You were very thirsty.

You visited 1 branch of the dungeon, and saw 3 of its levels.

You collected 124 gold pieces.

Inventory:

Hand Weapons
 a - a +1 dagger (weapon)
Armour
 b - a +1 robe (worn)
 h - a +1 cloak (worn)
Jewellery
 i - an uncursed ring of protection from magic {unknown}
 k - an uncursed ring of fire {unknown}
Scrolls
 f - a scroll of magic mapping {unknown}
 j - a scroll of random uselessness {unknown}
 l - a scroll of enchant weapon {unknown}
Potions
 d - 10 potions of blood
 e - a potion of cure mutation {unknown}
 g - 2 potions of magic {unknown}
 m - a potion of agility {unknown}
Books
 c - a book of Maledictions

   Spells                             Type                      Level
   a - Corona                         Hexes                        1
   b - Ensorcelled Hibernation        Hexes/Ice                    2
   c - Confuse                        Hexes                        3
   d - Tukima's Dance                 Hexes                        3
   e - Dazzling Spray                 Conjuration/Hexes            3


   Skills:
 * Level 1.4 Fighting
 + Level 2.2 Short Blades
 + Level 2.8 Dodging
 + Level 4.8 Stealth
 + Level 2.6 Spellcasting
 + Level 5.1 Hexes


You had 2 spell levels left.
You knew the following spells:

 Your Spells              Type           Power        Failure   Level  Hunger
a - Corona                Hex            ###....      2%          1    #......
b - Ensorcelled Hibernat  Hex/Ice        ##....       12%         2    ##.....
c - Confuse               Hex            ###.....     10%         3    ###....


Dungeon Overview and Level Annotations

Branches:
Dungeon (3/15)

Altars:

Annotations:
D:2 Sigmund
D:3 Natasha; tstbtto's ghost, amateur MiCK


Innate Abilities, Weirdness & Mutations

You heal slowly.
You have razor-sharp teeth.
You have supernaturally acute eyesight. (SInv)
You can survive without breathing.


Message History

You hit tstbtto's ghost but do no damage.
Tstbtto's ghost is moderately damaged.
Tstbtto's ghost hits you!
* * * LOW HITPOINT WARNING * * *
You take 10 damage, and have 8/32 hp.
MASSIVE DAMAGE!!
You are too injured to fight recklessly!
You are too injured to fight recklessly!
You are too injured to fight recklessly!
You are too injured to fight recklessly!
You are too injured to fight recklessly!
You are too injured to fight recklessly!
You are too injured to fight recklessly!
You are too injured to fight recklessly!
You are too injured to fight recklessly!
You are too injured to fight recklessly!
You hit tstbtto's ghost but do no damage.
You bite tstbtto's ghost.
Tstbtto's ghost is moderately damaged.
Tstbtto's ghost hits you!
You die...

# #.#.# #.#.# #.#.####
#......# ###.##.# #.##.#
# #.##.# # #######.##.#
# .h....W@...# #
........################
.........#..............
########.#.#############
#########.#.#
..........#.#
............#
#############


You could see Natasha and tstbtto's ghost (confused).

Vanquished Creatures
  Terence (D:2)
  Natasha (D:3)
  2 adders (D:2)
  A dart slug (D:2)
  A giant gecko (D:2)
  3 giant cockroaches
  5 goblins
  6 hobgoblins
  3 ball pythons (D:2)
  3 bats
  2 giant newts (D:1)
  3 kobolds
  2 rats
33 creatures vanquished.

Notes
Turn   | Place    | Note
--------------------------------------------------------------
     0 | D:1      | mistymad the Vampire Enchanter began the quest for the Orb.
     0 | D:1      | Reached XP level 1. HP: 13/13 MP: 3/3
   522 | D:1      | Reached XP level 2. HP: 15/20 MP: 5/5
   902 | D:2      | Learned a level 2 spell: Ensorcelled Hibernation
  1006 | D:2      | Reached skill level 1 in Fighting
  1026 | D:2      | Reached XP level 3. HP: 26/26 MP: 3/6
  1104 | D:2      | Noticed Sigmund
  1363 | D:2      | Noticed Terence
  1367 | D:2      | Killed Terence
  1367 | D:2      | Reached skill level 5 in Hexes
  1367 | D:2      | Reached XP level 4. HP: 29/32 MP: 5/7
  1404 | D:3      | Learned a level 3 spell: Confuse
  1445 | D:3      | Noticed Natasha
  1471 | D:3      | Killed Natasha
  1534 | D:3      | Noticed tstbtto's ghost (amateur MiCK)
  1543 | D:3      | Noticed Natasha
  1544 | D:3      | Mangled by tstbtto's ghost

Vault maps used:
D:1:      lemuel_arrival_muddy
D:2:      first_bread, uniq_terence, uniq_sigmund
D:3:      uniq_natasha, uniq_grinder

Skill      XL: |  1  2  3 |
---------------+----------+-----
Fighting       | 1 |  1.4
Short Blades   | 2 |  2.2
Hexes          | 5 |  5.1
Dodging        | |  2.8
Stealth        | |  4.8
Spellcasting   | |  2.6

Action                   |  1- 3 |  4- 6 || total
-------------------------+-------+-------++-------
Melee: Dagger            |    90 |    11 ||   101
       Bite              |     6 |     1 ||     7
 Cast: Corona            |     8 |       ||     8
       Ensorcelled Hiber |     8 |     3 ||    11
       Confuse           |       |     2 ||     2
 Stab: Sleeping          |     9 |     1 ||    10
       Confused          |       |     1 ||     1
Armor: Robe              |    17 |     2 ||    19
Dodge: Dodged            |    51 |     4 ||    55
